 Dungeon Crawl Stone Soup version 0.24.0-13-gcf9b319 (webtiles) character file.

Game seed: 16864716955295300347, levelgen mode: deterministic

2558 Fang the Skirmisher (level 9, -4/87 HPs)
             Began as a Gargoyle Berserker on Nov 21, 2019.
             Was a High Priest of Trog.
             Killed from afar by a steam dragon (10 damage)
             ... with a ball of steam
             ... on level 8 of the Dungeon.
             The game lasted 00:07:29 (7720 turns).

Fang the Skirmisher (Gargoyle Berserker)            Turns: 7720, Time: 00:07:30

Health: -4/87      AC: 24    Str: 23    XL:     9   Next: 56%
Magic:  9/9        EV:  2    Int:  9    God:    Trog [*****.]
Gold:   464        SH:  0    Dex:  9    Spells: 8/8 levels left

rFire    . . .     SeeInvis .   a - +0 hand axe
rCold    . . .     Gourm    .   (no shield)
rNeg     + + +     Faith    .   (armour currently unavailable)
rPois    ∞         Spirit   .   (helmet currently unavailable)
rElec    .         Reflect  .   (cloak currently unavailable)
rCorr    .         Harm     .   (gloves currently unavailable)
MR       +++..     NoTele   +   (boots currently unavailable)
Stlth    +.........             (no amulet)
HPRegen  1.24/turn              x - ring of protection from magic
MPRegen  0.11/turn              (no ring)

@: tree-form, berserk cooldown, regenerating, slowed, very slow
A: negative energy resistance 1, petrification resistance, rot immunity, AC +6
a: Berserk, Trog's Hand, Brothers in Arms, Renounce Religion


You were on level 8 of the Dungeon.
You worshipped Trog.
Trog was extremely pleased with you.
You were not hungry.
You were a tree.
You visited 2 branches of the dungeon, and saw 9 of its levels.
You also visited: Ossuary.

You collected 464 gold pieces.

Inventory:

Hand Weapons
 a - a +0 hand axe (weapon)
Armour
 b - a +0 chain mail (melded)
 H - a +2 hat (melded)
Jewellery
 x - a ring of protection from magic (left branch)
Wands
 v - a wand of random effects (14)
 y - a wand of paralysis (16)
 C - a wand of scattershot (3)
Scrolls
 e - 8 scrolls of identify {unknown}
 i - 2 scrolls of fear {unknown}
 j - a scroll of enchant weapon {unknown}
 k - a scroll of enchant armour {unknown}
 l - 2 scrolls of blinking {unknown}
 p - 2 scrolls of fog {unknown}
 q - 6 scrolls of remove curse {unknown}
 r - 3 scrolls of amnesia {unknown}
 t - 3 scrolls of random uselessness {unknown}
 u - a scroll of noise {unknown}
 w - 2 scrolls of immolation {unknown}
 D - a scroll of teleportation {unknown}
 E - a scroll of vulnerability {unknown}
 G - 2 scrolls of magic mapping {unknown}
Potions
 d - 2 potions of heal wounds {unknown}
 f - 4 potions of curing
 g - a potion of lignification
 h - a potion of mutation {unknown}
 m - 4 potions of agility {unknown}
 n - a potion of invisibility {unknown}
 o - 3 potions of ambrosia {unknown}
 s - a potion of berserk rage {unknown}
 z - 2 potions of degeneration {unknown}
 A - a potion of cancellation {unknown}
 B - a potion of flight {unknown}
 F - a potion of brilliance {unknown}
Comestibles
 c - 13 rations


   Skills:
 + Level 7.6 Fighting
 + Level 6.4 Axes
 + Level 7.2 Armour
 + Level 5.4 Dodging


You had 8 spell levels left.
You didn't know any spells.
Your spell library was empty.

Dungeon Overview and Level Annotations

Branches:
Dungeon (8/15)             Temple (1/1) D:6         Ossuary (visited)
   Lair: D:8-11

Altars:
Elyvilon
Kikubaaqudgha
Nemelex Xobeh
Okawaru
Qazlal
Sif Muna
Vehumet
Xom
Zin
The Shining One

Annotations:
D:8 Joseph


Innate Abilities, Weirdness & Mutations

You are resistant to torment.
((Your stone body is resilient. (AC +6)))
You are immune to poison.
You resist negative energy. (rN+)
((You are resistant to electric shocks. (rElec)))
((You can survive without breathing.))
You are immune to petrification.
You are immune to rotting.


Message History

You are splashed with acid!
* * * LOW HITPOINT WARNING * * *
The freed slave is engulfed in a cloud of scalding steam.
The steam dragon bites you but does no damage.
The steam dragon claws you but does no damage.
The scorpion closely misses you.
Joseph unwields a +0 quarterstaff.
Joseph wields a +1 hunting sling of freezing.
It is covered in frost.
Joseph shoots a sling bullet.
The sling bullet closely misses you.
The sling bullet hits the freed slave.
The sling bullet freezes the freed slave.
Items here: ! ) [ † a +0 whip of electrocution; a +0 robe; a fuming pink potion the big kobold corpse of Pikel It was a potion of lignification.
You turn into a tree.
Your +2 hat melds into your body.
Your +0 chain mail melds into your body.
Your roots penetrate the ground.
The steam dragon breathes steam at you. The ball of steam hits you!
You die...

.......
....##.....p...
....##.)o....K#
....##...##o..#
....##...##os.###
.....##..##...#p##
....####!§##..#.D##
....##....#..c@)♣p#
.........<....#s)##
.......##.....#.##
......####....###
.......##...#.#
.....####...#.#
..........#....
..........#.....
..........#......


You could see Joseph, a steam dragon, a centaur, a scorpion and 2 neutral freed
slaves.

Vanquished Creatures
  A water moccasin (D:7)
  A sky beast (D:8)
  A phantom (D:6)
  An ogre (D:4)
  A centaur (D:7)
  An elf zombie (Ossuary)
  A crocodile (D:4)
  A big kobold (D:7)
  Blork the orc (D:6)
  2 bullfrogs
  3 scorpions
  4 wights (D:6)
  A howler monkey (D:6)
  2 centaur zombies
  2 crimson imps
  A bullfrog zombie (D:5)
  A centaur skeleton (D:7)
  3 human zombies (Ossuary)
  2 jellies
  Crazy Yiuf (D:7)
  An orc priest (D:5)
  2 hounds
  An orc wizard (D:5)
  2 bullfrog skeletons
  An iguana (D:6)
  10 worker ants
  2 big kobold zombies (Ossuary)
  2 mummies (Ossuary)
  A hound skeleton (D:4)
  A howler monkey skeleton (D:7)
  4 gnolls
  11 adders
  A shadow imp (D:4)
  2 adder zombies (Ossuary)
  An adder skeleton (D:5)
  4 worms
  2 dart slugs (D:2)
  6 leopard geckos
  18 orcs
  A ball python (D:6)
  5 bats
  6 giant cockroaches
  8 hobgoblins
  9 jackals
  10 kobolds
  3 quokkas
  5 frilled lizards
  10 goblins
  11 hobgoblin zombies (Ossuary)
  A jackal skeleton (D:6)
  2 jackal zombies (Ossuary)
  9 kobold zombies (Ossuary)
  2 leopard gecko skeletons (D:4)
  6 orc zombies (Ossuary)
  A quokka zombie (D:5)
  12 rats
204 creatures vanquished.

Vanquished Creatures (others)
  Pikel (D:8)
  2 slaves (D:8)
  An orc priest (D:8)
  A mummy (D:8)
  An orc (D:8)
  6 fungi (D:5)
12 creatures vanquished.

Grand Total: 216 creatures vanquished

Notes
Turn   | Place    | Note
-------+----------+-------------------------------------------
     0 | D:1      | Fang the Gargoyle Berserker began the quest for the Orb.
     0 | D:1      | Reached XP level 1. HP: 14/14 MP: 1/1
   112 | D:1      | Reached XP level 2. HP: 10/19 MP: 2/2
   686 | D:1      | Reached XP level 3. HP: 21/23 MP: 3/3
  1046 | D:1      | Reached ** piety under Trog
  1524 | D:2      | Reached XP level 4. HP: 27/29 MP: 4/4
  1723 | D:2      | Found a glowing golden altar of the Shining One.
  2092 | D:2      | Reached XP level 5. HP: 32/33 MP: 5/5
  2326 | D:3      | Reached *** piety under Trog
  2847 | D:3      | Found an ancient bone altar of Kikubaaqudgha.
  3019 | D:4      | Reached XP level 6. HP: 39/39 MP: 6/6
  3476 | D:4      | Reached skill level 5 in Fighting
  3476 | D:4      | Reached XP level 7. HP: 36/44 MP: 7/7
  3724 | D:4      | Reached **** piety under Trog
  3806 | D:5      | Entered Level 5 of the Dungeon
  4015 | D:5      | Reached skill level 5 in Armour
  4091 | D:5      | Found a stormy altar of Qazlal.
  4586 | D:5      | Reached XP level 8. HP: 27/51 MP: 8/8
  4986 | D:6      | Noticed Blork the orc
  5006 | D:6      | Killed Blork the orc
  5006 | D:6      | Reached skill level 5 in Axes
  5197 | D:6      | Found a staircase to the Ecumenical Temple.
  5236 | D:6      | Found a shimmering blue altar of Sif Muna.
  5463 | Temple   | Entered the Ecumenical Temple
  5900 | D:6      | Found an iron altar of Okawaru.
  5902 | D:6      | Found a glowing silver altar of Zin.
  5905 | D:6      | Found a radiant altar of Vehumet.
  6158 | D:7      | Found a runed translucent door.
  6159 | D:7      | Noticed Crazy Yiuf
  6210 | D:7      | Found a shimmering altar of Xom.
  6217 | D:7      | Found a shimmering altar of Xom.
  6218 | D:7      | Found a shimmering altar of Xom.
  6218 | D:7      | Found a shimmering altar of Xom.
  6229 | D:7      | Found a shimmering altar of Xom.
  6229 | D:7      | Found a shimmering altar of Xom.
  6230 | D:7      | Found a shimmering altar of Xom.
  6244 | D:7      | Reached XP level 9. HP: 56/56 MP: 9/9
  6492 | D:7      | Reached skill level 5 in Dodging
  6986 | D:7      | Paralysed by Crazy Yiuf for 3 turns
  6991 | D:7      | Killed Crazy Yiuf
  7054 | D:8      | Reached ***** piety under Trog
  7141 | D:8      | Noticed Pikel
  7143 | D:8      | Found a sand-covered staircase.
  7150 | Ossuary  | Entered an ossuary
  7709 | D:8      | Noticed Joseph
  7718 | D:8      | Killed Pikel
  7720 | D:8      | Killed from afar by a steam dragon

Levels and vault maps discovered:
D:1:      sevenhm_arrival_forest_fort_large_4, layout_loops_ring
D:2:      layout_basic, tso_oasis_becter
D:3:      layout_basic, lemuel_round_altar, minmay_three_crescents
D:4:      layout_rooms, first_ration
D:5:      layout_basic, grunt_qazlal_sundering, serial_aquarium,
          aquarium_bridge_square [aquarium_subvault_wall,
          aquarium_subvault_bridge, aquarium_subvault_bridge,
          aquarium_subvault_wall], aquarium_bridge_straight
          [aquarium_subvault_bridge, aquarium_subvault_wall,
          aquarium_subvault_bridge, aquarium_subvault_wall], aquarium_window_3,
          aquarium_window_1, aquarium_view_2c, chequers_serial_rivers_large_a,
          zaba_anthole
D:6:      layout_basic, nicolae_overflow_crystal_walls,
          grunt_temple_overflow_open, minmay_temple_entry_wispy,
          uniq_blork_the_orc
D:7:      layout_loops_corners, xom_redecorated, uniq_crazy_yiuf_cottage
D:8:      layout_cave_pools, ploomutoo_gammafunk_ghost_potion_laboratory,
          gup_ossuary_entry_pyramid, uniq_joseph, uniq_pikel
Temple:   hc_temple_tempest_star

Skill      XL: |  1  2  3  4  5  6  7  8  9 |
---------------+----------------------------+-----
Axes           | 3 4 5 6 |  6.4
Dodging        | 2 3 4 5 |  5.4
Armour         | 3 4 5 6 7 |  7.2
Fighting       | 4 5 6 7 |  7.6

Action                   |  1- 3 |  4- 6 |  7- 9 || total
-------------------------+-------+-------+-------++-------
Melee: Hand axe          |   113 |   257 |   631 ||  1001
Invok: Berserk           |     1 |     2 |     6 ||     9
       Trog's Hand       |       |     1 |     2 ||     3
  Use: Potion            |       |       |     4 ||     4
  Eat: Chunk             |     3 |     8 |    18 ||    29
       Ration            |       |       |     1 ||     1
Armor: Animal skin       |    38 |       |       ||    38
       Chain mail        |     4 |   159 |   459 ||   622
Dodge: Dodged            |    69 |   136 |   308 ||   513
